 Dungeon Crawl Stone Soup version 0.24-a0-429-g4608c8f (webtiles) character file.

Game seed: 3909349556040966217

33 MatthieuS the Skirmisher (level 3, 0/29 HPs)
             Began as a Human Wanderer on June 13, 2019.
             Slain by an iguana (6 damage)
             ... on level 2 of the Dungeon.
             The game lasted 00:02:44 (1648 turns).

MatthieuS the Skirmisher (Human Wanderer)           Turns: 1648, Time: 00:02:44

Health: 0/29       AC:  1    Str: 15    XL:     3   Next: 47%
Magic:  3/3        EV: 12    Int: 13    God:
Gold:   43         SH:  0    Dex:  9    Spells: 2/2 levels left

rFire    . . .     SeeInvis .     - Unarmed
rCold    . . .     Gourm    .   (no shield)
rNeg     . . .     Faith    .   g - +0 leather armour
rPois    .         Spirit   .   (no helmet)
rElec    .         Reflect  .   (no cloak)
rCorr    .         Harm     .   (no gloves)
MR       +....                  (no boots)
Stlth    ++........             (no amulet)
HPRegen  0.09/turn              (no ring)
MPRegen  0.08/turn              (no ring)

@: hasted, very quick
A: deformed body, magic resistance 1, sense surroundings 1, MP-powered wands
a: no special abilities


You were on level 2 of the Dungeon.
You were not hungry.

You visited 1 branch of the dungeon, and saw 2 of its levels.

You collected 43 gold pieces.

Inventory:

Hand Weapons
 f - a +0 dagger
Missiles
 b - 4 throwing nets {!f}
 d - 18 poisoned darts (quivered)
Armour
 g - a +0 leather armour (worn)
 i - a +0 chain mail
   (You found it on level 1 of the Dungeon)
Scrolls
 c - 5 scrolls of teleportation {@r4}
 j - 2 scrolls of enchant armour {unknown}
 m - a scroll of remove curse {unknown}
Potions
 l - a potion of curing {@q1}
Comestibles
 e - 3 rations


   Skills:
 + Level 3.3 Fighting
 - Level 1.0 Throwing
 - Level 2.0 Dodging
 + Level 2.5 Stealth
 * Level 2.9 Unarmed Combat


You had 2 spell levels left.
You didn't know any spells.
Your spell library was empty.

Dungeon Overview and Level Annotations

Branches:
Dungeon (2/15)

Altars:


Innate Abilities, Weirdness & Mutations

Armour fits poorly on your strangely shaped body.
You are resistant to hostile enchantments. (MR+)
You passively map a small area around you.
You expend magic power (3 MP) to strengthen your wands.


Message History

You kill the kobold!
No target in view!
No target in view!
No target in view!
No target in view!
No target in view!
No target in view!
No target in view!
No target in view!
No target in view!
No target in view!
No target in view!
No target in view!
No target in view!
No target in view!
No target in view!
No target in view!
No target in view!
Things that are here:
a stone; a kobold corpse
Found a stone staircase leading down.
You open the large door.
An iguana and a quokka come into view.
Found three items.
There are monsters nearby!
It was a potion of curing.
You feel better.
It was a potion of haste.
You feel yourself speed up. The quokka misses you.
The quokka barely misses you.
It was a potion of mutation.
You feel extremely strange.
You feel resistant to hostile enchantments.
You feel your magical essence link to your wands.
Your body twists and deforms.
You feel a strange attunement to the structure of the dungeons.
You hit the quokka. You hit the quokka.
You kill the quokka!
The iguana bites you.
You see here a quokka corpse.
You hit the iguana. The iguana bites you.
You closely miss the iguana. You hit the iguana. The iguana closely misses you.
You hit the iguana but do no damage. The iguana misses you.
You closely miss the iguana. You hit the iguana but do no damage.
The iguana bites you.
You hit the iguana but do no damage. The iguana bites you!
* * * LOW HITPOINT WARNING * * *
You barely miss the iguana. You hit the iguana but do no damage.
The iguana closely misses you.
You hit the iguana but do no damage. The iguana bites you.
You die...

#.# ,, , #.# *
#++## ,, #.#
...[§ * , ,, #.#
* ≈..≈≈.** *
#####.###
8..8≈.####+#*
#.......#
,.$[...'.##.#
#.###.#.#
..$...'.##.######
#.....#.# *
8..8≈.#....l@...#
#..####.# *
≈..≈§,###...###.#
#..####.#
..?.,,*#.....##.#
#.......# * #++*
*##...###.#
##.###### ##.##
#.#####.# *, *
#.# #.......# #>#
######### #.# #.


You could see an iguana.

Vanquished Creatures
  2 dart slugs (D:1)
  A leopard gecko (D:1)
  7 bats (D:1)
  A giant cockroach (D:1)
  2 hobgoblins (D:1)
  A quokka (D:2)
  3 frilled lizards (D:1)
  4 goblins (D:1)
  4 kobolds
  4 rats (D:1)
29 creatures vanquished.

Notes
Turn   | Place    | Note
-------+----------+-------------------------------------------
     0 | D:1      | MatthieuS the Human Wanderer began the quest for the Orb.
     0 | D:1      | MatthieuS set off with the following items: a +0 club, 4
                  | throwing nets {!f}, a scroll of teleportation {@r4}, a
                  | potion of lignification {!q}, a ration, a +0 dagger, a +0
                  | leather armour
     0 | D:1      | Reached XP level 1. HP: 18/18 MP: 1/1
   575 | D:1      | Reached XP level 2. HP: 16/24 MP: 2/2
  1006 | D:1      | Reached XP level 3. HP: 29/29 MP: 3/3
  1632 | D:2      | Gained mutation: You are resistant to hostile enchantments.
                  | (MR+) [potion of mutation]
  1632 | D:2      | Gained mutation: You expend magic power (3 MP) to
                  | strengthen your wands. [potion of mutation]
  1632 | D:2      | Gained mutation: Armour fits poorly on your strangely
                  | shaped body. [potion of mutation]
  1632 | D:2      | Gained mutation: You passively map a small area around you.
                  | [potion of mutation]
  1648 | D:2      | Slain by an iguana

Levels and vault maps discovered:
D:1:      minmay_arrival_five_plusses, layout_basic, serial_rivers,
          chequers_serial_rivers_micro_b, chequers_serial_rivers_small_3,
          chequers_serial_rivers_micro_c, chequers_serial_rivers_room_b,
          kennysheep_doodads, minmay_quantized
D:2:      layout_loops_corners, lemuel_coloured_pillars_altar,
          kiku_gazebo_pond_becter, lemuel_crystal_altar,
          grunt_temple_overflow_open, minmay_fountain_box,
          kennysheep_generic_room_5

Action                   || total
-------------------------++-------
Melee: Unarmed           ||   122
       Dagger            ||     8
       Punch             ||     1
Throw: Dart              ||     4
  Use: Potion            ||     4
 Stab: Sleeping          ||     3
  Eat: Chunk             ||     2
Armor: Leather armour    ||    44
       Chain mail        ||     2
       Skin              ||     2
Dodge: Dodged            ||    90

Table legend:
 A = Non-vault XP
 B = Vault XP
 C = Vault XP percentage of total XP
 D = Non-vault monster count
 E = Vault monster count
 F = Vault count percentage of total count
                 A         B        C        D         E       F
            +---------+---------+-------+---------+---------+-------
      Total |      39 |       9 |  18.8 |      22 |       7 |  24.1
            +---------+---------+-------+---------+---------+-------
        D:1 |      38 |       7 |  15.6 |      21 |       6 |  22.2
        D:2 |       1 |       2 |  66.7 |       1 |       1 |  50.0
            +---------+---------+-------+---------+---------+-------
